 Dungeon Crawl Stone Soup version 0.23-a0-577-g2b1de944cd (webtiles) character file.

109 Jannitor the Cutter (level 4, 0/28 HPs)
             Began as a Deep Elf Chaos Knight on Dec 15, 2018.
             Was a Plaything of Xom.
             Succumbed to an adder's poison
             ... on level 2 of the Dungeon.
             The game lasted 00:02:33 (2785 turns).

Jannitor the Cutter (Deep Elf Chaos Knight)         Turns: 2785, Time: 00:02:33

Health: 0/28       AC:  5    Str: 10    XL:     4   Next: 59%
Magic:  6/6        EV: 13    Int: 17    God:    Xom [....*.]
Gold:   84         SH:  0    Dex: 14    Spells: 3/3 levels left

rFire    . . .     SeeInvis .   e - +0 hunting sling
rCold    . . .     Gourm    .   (no shield)
rNeg     . . .     Faith    .   b - +2 leather armour
rPois    .         Spirit   .   (no helmet)
rElec    .         Reflect  .   (no cloak)
rCorr    .         Harm     .   (no gloves)
MR       .....                  (no boots)
Stlth    +.........             (no amulet)
HPRegen  0.09/turn              (no ring)
MPRegen  0.10/turn              (no ring)

@: lethally poisoned (0 -> -13)
A: no striking features
a: Renounce Religion


You were on level 2 of the Dungeon.
You worshipped Xom.
You were a beloved toy of Xom.
You were hungry.

You visited 1 branch of the dungeon, and saw 2 of its levels.

You collected 84 gold pieces.

Inventory:

Hand Weapons
 a - a +0 short sword of chaos
 e - a +0 hunting sling (weapon)
Missiles
 d - 2 sling bullets
 l - 46 stones (quivered)
Armour
 b - a +2 leather armour (worn)
 n - a +0 helmet
Jewellery
 i - an uncursed ring of protection from fire {unknown}
 j - a +3 ring of evasion {unknown}
Scrolls
 f - a scroll of teleportation
 g - 2 scrolls of identify {unknown}
 h - a scroll of remove curse {unknown}
 k - a scroll of fog {unknown}
 m - a scroll of immolation {unknown}
Comestibles
 c - 5 rations


   Skills:
 + Level 3.1 Fighting
 + Level 3.8 Short Blades
 + Level 1.2 Slings
 - Level 0.7 Armour
 + Level 3.6 Dodging


You had 3 spell levels left.
You didn't know any spells.
Your spell library was empty.

Dungeon Overview and Level Annotations

Branches:
Dungeon (2/15)

Altars:
Okawaru


Message History

You aren't carrying any potions.
As you read the scroll labeled HOSARI JAUFE, it crumbles to dust.
You feel strangely unstable.
It was a scroll of teleportation.
* * * LOW HITPOINT WARNING * * *
You feel sick. The adder barely misses you.
* * * LOW HITPOINT WARNING * * *
You feel sick. The rat closely misses you.
Found a sedimented emerald potion.
You see here a sling bullet.
* * * LOW HITPOINT WARNING * * *
You feel sick.
Your surroundings suddenly seem different.
* * * LOW HITPOINT WARNING * * *
You feel sick.
There is a lethal amount of poison in your body!
There is a lethal amount of poison in your body!
* * * LOW HITPOINT WARNING * * *
You feel sick.
You die...
Xom roars with laughter!

.....#..........###.....#
#.##.## ...##.####.#.#.##
#.....# #.#..## ...####
##...## ####### #..#.##
...# ##.## #.#.### ...#
#.# #.#.### ...####
##.####### ####......
...##.#####........##
#......###
.....#.....#.####...##
#.###### .###..####.###
#@....###.# .###..####.#
#.........# .#.......#.#
#.....##### ...#..#..#.#
##...## .#.#..######
##### ......≈)≈...
......≈≈≈.8.###
.........8_8#.#
......≈≈≈.8.#.#


There were no monsters in sight!

Vanquished Creatures
  Robin (D:2)
  3 gnolls (D:2)
  An adder (D:2)
  2 oozes (D:1)
  A worm (D:2)
  2 leopard geckos (D:2)
  2 ball pythons
  6 giant cockroaches (D:1)
  6 hobgoblins
  A bat (D:1)
  13 goblins
  2 kobolds
  5 rats
45 creatures vanquished.

Notes
Turn   | Place    | Note
-------+----------+-------------------------------------------
     0 | D:1      | Jannitor the Deep Elf Chaos Knight began the quest for the
                  | Orb.
     0 | D:1      | Reached XP level 1. HP: 13/13 MP: 3/3
    49 | D:1      | XOM: potion effect (curing)
    65 | D:1      | XOM: smoke on damage
    67 | D:1      | Reached XP level 2. HP: 6/18 MP: 4/4
   650 | D:1      | XOM: medium Conj miscast
  1059 | D:1      | Reached XP level 3. HP: 22/22 MP: 5/5
  1101 | D:1      | XOM is BORED!
  1101 | D:1      | XOM: medium Conj miscast
  1287 | D:1      | XOM: scenery: 1 doors close
  1299 | D:1      | XOM: harmless Tloc miscast
  1579 | D:2      | Found an iron altar of Okawaru.
  2083 | D:2      | XOM: divination: detect creatures
  2156 | D:2      | XOM: harmless Ice miscast
  2213 | D:2      | XOM: enchant monster (good)
  2220 | D:2      | Reached skill level 1 in Slings
  2220 | D:2      | Reached XP level 4. HP: 28/28 MP: 6/6
  2223 | D:2      | XOM: butterfly on damage
  2375 | D:1      | XOM: harmless Tloc miscast
  2552 | D:2      | Noticed Robin
  2559 | D:2      | XOM: silly message
  2568 | D:2      | Killed Robin
  2763 | D:2      | XOM: summons 4 hostile shadow creatures
  2784 | D:2      | HP: 1/28 [poisoned by an adder]
  2785 | D:2      | Succumbed to an adder's poison

Vault maps used:
D:1:      minmay_arrival_pointy, minivault_24, minmay_tromino_v2
D:2:      kennysheep_okawaru_gauntlet, uniq_robin

Skill      XL: |  1  2  3 |
---------------+----------+-----
Dodging        | 3 |  3.6
Fighting       | 3 |  3.1
Slings         | 1 |  1.2
Short Blades   | |  3.8
Armour         | |  0.7

Action                   |  1- 3 |  4- 6 || total
-------------------------+-------+-------++-------
Melee: Short sword       |    20 |       ||    20
 Fire: Hunting sling     |   102 |    43 ||   145
  Use: Scroll            |       |     1 ||     1
  Eat: Chunk             |     3 |     2 ||     5
Armor: Leather armour    |    21 |    14 ||    35
Dodge: Dodged            |    29 |    28 ||    57

Table legend:
 A = Non-vault XP
 B = Vault XP
 C = Vault XP percentage of total XP
 D = Non-vault monster count
 E = Vault monster count
 F = Vault count percentage of total count
                 A         B        C        D         E       F
            +---------+---------+-------+---------+---------+-------
      Total |     116 |      40 |  25.6 |      31 |      14 |  31.1
            +---------+---------+-------+---------+---------+-------
        D:1 |      40 |       9 |  18.4 |      18 |       5 |  21.7
        D:2 |      76 |      31 |  29.0 |      13 |       9 |  40.9
            +---------+---------+-------+---------+---------+-------
